Map: Amphion LE

Players

ytawoicat

  • Race: Zerg Zerg
  • League: Master
  • Spawn Location: 7:00

Dragonite - Winner!

  • Race: Protoss Protoss
  • League: Master
  • Spawn Location: 11:00

VOD

Have the link to the VOD?

Description

Time

  • Played on: July 13, 2024, 3:01 p.m.
  • Length: 8:00
Show
View Real Time Build Order
Export as new Build Order

ytawoicat Zerg 

Build Orders: Hatch First 

Get SALT Encoding   

  12  0:00  Drone  
  13  0:12  Drone  
  14  0:16  Extractor, Drone  
  15  0:39  Hatchery  
  14  0:43  Extractor  
  14  0:45  Drone  
  15  0:51  Overlord  
  15  1:09  Extractor, Drone x2  
  15  1:10  Drone  
  17  1:20  Spawning Pool  
  17  1:24  Drone  
  17  1:32  Drone  
  18  1:44  Drone  
  19  1:56  Drone  
  19  1:57  Drone  
  21  2:06  Queen x2  
  21  2:07  Zergling x4  
  27  2:14  Drone  
  28  2:16  Overlord  
  28  2:24  Metabolic Boost  
  28  2:36  Drone x2  
  30  2:43  Hatchery  
  29  2:51  Queen  
  29  2:54  Drone  
  32  2:58  Overlord  
  33  3:05  Drone  
  33  3:12  Drone x3  
  36  3:15  Overlord  
  36  3:23  Overlord  
  36  3:33  Queen  
  38  3:34  Drone x5  
  38  3:38  Zergling x2  
  44  3:42  Overlord  
  44  3:45  Drone  
  44  3:46  Drone  
  46  3:52  Drone  
  46  3:53  Queen  
  49  3:56  Queen  
  49  4:01  Drone x2  
  53  4:03  Drone  
  53  4:04  Drone  
  53  4:09  Drone x3  
  58  4:17  Overlord  
  58  4:20  Roach Warren  
  57  4:25  Lair  
  57  4:27  Spore Crawler  
  57  4:28  Spore Crawler  
  54  4:31  Spore Crawler, Zergling x2  
  54  4:37  Zergling x6  
  53  4:50  Zergling x6  
  53  4:51  Zergling x4  
  52  4:58  Drone x6  
  52  4:59  Drone  
  52  5:03  Drone  
  53  5:09  Drone x2  
  53  5:10  Queen  
  53  5:12  Extractor  
  56  5:16  Roach  
  58  5:23  Roach x3  
  58  5:26  Glial Reconstitution  
  64  5:29  Roach  
  64  5:33  Drone x3  
  64  5:34  Drone x2  
  64  5:35  Drone  
  72  5:37  Drone  
  72  5:40  Drone x2  
  71  5:48  Drone x3  
  72  5:52  Queen  
  72  5:55  Drone  
  72  5:56  Overlord x2  
  72  6:00  Evolution Chamber  
  67  6:05  Drone x4  
  67  6:06  Queen  
  67  6:10  Extractor  
  72  6:15  Drone  
  72  6:16  Drone x3  
  76  6:20  Extractor, Roach  
  76  6:21  Roach  
  76  6:24  Roach  
  81  6:28  Hatchery, Roach  
  81  6:29  Roach  
  84  6:35  Drone  
  84  6:37  Overlord  
  85  6:44  Drone  
  85  6:45  Roach x2  
  85  6:46  Overlord x2  
  90  6:52  Extractor, Overlord  
  89  6:57  Drone x2  
  89  7:00  Drone  
  92  7:02  Overlord  
  92  7:03  Roach x2  
  96  7:09  Roach x4  
  96  7:10  Roach  
  96  7:23  Roach  
  96  7:24  Roach x5  
  96  7:29  Roach  
  103  7:36  Roach x5  
  109  7:39  Roach  
  109  7:41  Roach x4  
  106  7:47  Ravager  
Show
View Real Time Build Order
Export as new Build Order

Dragonite Protoss - Winner!

Build Orders: 1 Gate Expand, Zealot Archon, Archon Drop, Dark Templar Rush 

Get SALT Encoding   

  12  0:00  Probe  
  13  0:12  Probe  
  14  0:21  Pylon  
  14  0:24  Probe  
  15  0:39  Probe (Chrono Boost)  
  15  0:42  Gateway  
  16  0:48  Probe (Chrono Boost), Assimilator  
  17  0:53  Probe  
  18  1:05  Probe  
  19  1:18  Probe  
  20  1:27  Nexus  
  20  1:37  Cybernetics Core  
  20  1:38  Probe  
  21  1:46  Assimilator  
  21  1:55  Probe, Pylon  
  22  2:07  Probe (Chrono Boost)  
  23  2:11  Adept (Chrono Boost)  
  23  2:13  Warp Gate  
  25  2:19  Probe (Chrono Boost)  
  26  2:24  Probe (Chrono Boost), Twilight Council  
  27  2:34  Probe, Stalker (Chrono Boost)  
  30  2:39  Probe  
  31  2:46  Probe  
  31  2:51  Robotics Facility  
  32  2:54  Probe  
  33  3:02  Probe  
  34  3:07  Probe  
  35  3:14  Probe  
  36  3:22  Dark Shrine  
  36  3:27  Gateway  
  36  3:28  Probe x2  
  36  3:29  Gateway  
  38  3:37  Gateway  
  38  3:41  Warp Prism (Chrono Boost)  
  38  3:48  Probe x2  
  42  3:51  Assimilator  
  42  3:54  Assimilator  
  42  4:00  Probe x2  
  44  4:05  Pylon  
  44  4:08  Pylon  
  44  4:12  Probe x2  
  47  4:24  Probe x2  
  48  4:33  Dark Templar x3  
  48  4:34  Dark Templar  
  56  4:42  Probe x2  
  58  4:55  Archon  
  58  4:56  Archon  
  58  4:58  Probe x2, Charge  
  60  5:02  Forge, Observer  
  60  5:04  Pylon  
  61  5:16  Pylon  
  61  5:19  Nexus  
  61  5:20  Pylon  
  61  5:21  Immortal (Chrono Boost)  
  65  5:29  Probe x2  
  65  5:34  Dark Templar  
  65  5:35  Dark Templar  
  71  5:40  Protoss Ground Weapons Level 1 (Chrono Boost)  
  71  5:41  Probe x2  
  68  6:04  Immortal (Chrono Boost)  
  68  6:06  Archon  
  68  6:10  Gateway  
  72  6:11  Gateway  
  72  6:12  Gateway  
  72  6:13  Sentry  
  72  6:14  Sentry, Gateway  
  72  6:16  Sentry  
  78  6:29  Warp Prism (Chrono Boost)  
  78  6:32  Sentry  
  80  6:36  Zealot  
  80  6:37  Zealot  
  80  6:39  Zealot  
  88  6:49  Pylon  
  88  6:51  Pylon  
  88  6:55  Shield Battery  
  88  7:03  Zealot x4  
  96  7:20  Zealot  
  96  7:21  Zealot x3  
  102  7:26  Immortal (Chrono Boost)  
  106  7:30  Probe x3  
  103  7:39  Zealot x3  
  103  7:41  Dark Templar  
Tags
 
Add a new tag
Caveats
  • Supply blocks, unpowered buildings, or Contaminate may cause inaccurate times.
  • Supply counts are checked every 10 seconds.